 Dungeon Crawl Stone Soup version 0.26.0-10-g1f06aea511 (webtiles) character file.

Game seed: 11509037851944958943

7822 wakim the Thaumaturge (level 11, -41/60 HPs)
             Began as a Deep Elf Ice Elementalist on Jan 28, 2021.
             Was an Elder of Vehumet.
             Annihilated by a boulder beetle (59 damage)
             ... on level 11 of the Dungeon.
             The game lasted 01:07:21 (13048 turns).

wakim the Thaumaturge (Deep Elf Ice Elementalist)  Turns: 13048, Time: 01:07:22

Health: -41/60     AC:  8    Str:  7    XL:     11   Next: 1%
Magic:  22/28      EV: 19    Int: 22    God:    Vehumet [****..]
Gold:   806        SH:  5    Dex: 15    Spells: 17/32 levels left

rFire    . . .     SeeInvis .   a - staff of cold
rCold    + + .     Faith    .   (no shield)
rNeg     + . .     Spirit   .   B - +2 robe {rN+}
rPois    .         Reflect  +   (no helmet)
rElec    .         Harm     .   (no cloak)
rCorr    .         Rampage  .   e - +1 pair of gloves
Will     +....                  C - +1 pair of boots
Stlth    ++........             v - amulet of reflection
HPRegen  0.20/turn              l - ring of protection from cold
MPRegen  0.21/turn              s - ring of flight

@: no status effects
A: no striking features
a: Renounce Religion, Evoke Flight


You were on level 11 of the Dungeon.
You worshipped Vehumet.
Vehumet was greatly pleased with you.
You visited 2 branches of the dungeon, and saw 12 of its levels.

You collected 806 gold pieces.

Inventory:

Hand Weapons
 b - a +3 dagger of venom
 m - a +0 long sword of protection
Armour
 e - a +1 pair of gloves (worn)
 B - a +2 robe of positive energy (worn)
 C - a +1 pair of boots (worn)
Magical Staves
 a - an uncursed staff of cold (weapon)
Jewellery
 h - an uncursed ring of willpower
 l - a ring of protection from cold (left hand)
 s - a ring of flight (right hand)
 v - an amulet of reflection (around neck)
 z - a +6 ring of intelligence
Wands
 j - a wand of polymorph (10)
 o - a wand of disintegration (13)
 r - a wand of flame (14)
 t - a wand of acid (16)
Scrolls
 f - 5 scrolls of remove curse
 g - 3 scrolls of amnesia
 k - 8 scrolls of identify
 n - 3 scrolls of magic mapping
 p - a scroll of noise {unknown}
 q - 2 scrolls of teleportation
 u - a scroll of enchant weapon {unknown}
 x - 2 scrolls of fear
 y - 3 scrolls of enchant armour
 A - 5 scrolls of silence {unknown}
Potions
 c - a potion of heal wounds {unknown}
 d - 3 potions of curing
 i - 4 potions of might
 w - a potion of haste


   Skills:
 + Level 3.6 Fighting
 - Level 10.0 Dodging
 - Level 2.4 Stealth
 * Level 11.4 Spellcasting
 + Level 5.7 Conjurations
 + Level 5.0 Summonings
 * Level 10.6 Ice Magic


You had 17 spell levels left.
You knew the following spells:

 Your Spells              Type           Power        Failure   Level
a - Freeze                Ice            100%         1%          1
b - Frozen Ramparts       Ice            100%         1%          3
c - Ozocubu's Armour      Ice            73%          1%          3
d - Hailstorm             Conj/Ice       64%          1%          4
e - Summon Ice Beast      Ice/Summ       63%          1%          4

Your spell library contained the following spells:

 Spells                   Type           Power        Failure   Level
 Mephitic Cloud           Conj/Pois/Air  20%          1%          3


Dungeon Overview and Level Annotations

Branches:
Dungeon (11/15)            Temple (1/1) D:6            Lair (0/6) D:8
    Orc (0/2) D:9

Altars:
Ashenzari
Cheibriados
Dithmenos
Elyvilon
Fedhas
Gozag
Hepliaklqana
Kikubaaqudgha
Makhleb
Nemelex Xobeh
Okawaru
Qazlal
Ru
Sif Muna
Trog
Uskayaw
Vehumet
Wu Jian
Xom
Yredelemnul
Zin
The Shining One

Shops:
D:5 *   D:6 *(   D:7 *

Portals:
Trove: D:11 (show slimy rune of Zot)

Annotations:
D:2 1 runed translucent door, Crazy Yiuf
D:7 2 transporters, Joseph; SamuraiZach's ghost, novice TrBe


Message History

Your ice beast hits the boulder beetle but does no damage.
You hit the boulder beetle but do no damage.
The boulder beetle hits you!!
The boulder beetle stops rolling and uncurls.
Your ice beast hits the boulder beetle but does no damage. x2
Your ice beast hits the boulder beetle but does no damage.
You block the boulder beetle's attack.
Your ice beast hits the boulder beetle but does no damage.
Your ice beast hits the boulder beetle.
Your ice beast freezes the boulder beetle!
Your ice beast hits the boulder beetle but does no damage.
The boulder beetle bites you!!
* * * LOW HITPOINT WARNING * * *
Your ice beast hits the boulder beetle but does no damage. x2
Your ice beast hits the boulder beetle but does no damage.
The boulder beetle curls into a ball and begins rolling!
Your ice beast hits the boulder beetle but does no damage.
The boulder beetle hits you!!!
Ouch! That really hurt!
You die...

.......#....#####'########.# ....
Y......#.............'.....# #...
B.>....#.............#.....# #...
.##....#.............#.....# #...
.##....+.............#.....# #...
.##....#.....Y°○°....#.....# .>..
.......#..<....##○...####..#
.......#......Y##B...####..######
.......#........@............##..
.......#.....................##..
.......#.....................##..
.......#.....................##..
.......#######+###########'######
....†............................
....####.........................
....# #......#....####....#.....
....# #...................#.....


You could see a boulder beetle and a friendly ice beast (summoned).

Vanquished Creatures
  A boulder beetle (D:11)
  Pikel (D:5)
  Psyche (D:9)
  Prince Ribbit (D:5)
  A basilisk (D:11)
  Grum (D:8)
  3 vampire mosquitoes
  A water moccasin (D:6)
  5 orc warriors
  4 sky beasts
  2 black bears
  4 centaurs
  A necrophage (D:10)
  2 ogres (D:9)
  3 wolves (D:8)
  2 lemures (D:5)
  Blork the orc (D:4)
  4 big kobolds
  3 bullfrogs (D:6)
  A scorpion (D:7)
  4 wights (D:8)
  An electric eel (D:10)
  7 howler monkeys
  A centaur zombie (D:5)
  3 hounds
  2 jellies (D:8)
  10 orc wizards
  A gnoll shaman (D:4)
  6 orc priests
  3 bullfrog skeletons
  3 centaur skeletons
  Terence (D:3)
  2 iguanas (D:8)
  Ijyb (D:4)
  10 worker ants
  2 killer bee zombies
  2 hound zombies
  A hound skeleton (D:6)
  A worker ant zombie (D:6)
  5 gnolls
  14 adders
  3 white imps
  An ufetubus (D:7)
  An ooze (D:3)
  An adder zombie (D:8)
  3 adder skeletons
  A worm (D:4)
  6 dart slugs
  3 leopard geckos
  33 orcs
  8 giant cockroaches
  16 goblins
  6 hobgoblins
  10 jackals
  5 quokkas
  7 bats
  9 frilled lizards
  12 kobolds
  A quokka skeleton (D:3)
  5 rats
253 creatures vanquished.

Vanquished Creatures (collateral kills)
  A troll (D:10)
  A vampire mosquito (D:10)
  An ice beast (D:8)
  4 orc warriors
  A sky beast (D:8)
  A necrophage (D:9)
  A gnoll sergeant (D:9)
  A scorpion (D:8)
  A wight (D:8)
  2 howler monkeys
  An orc wizard (D:9)
  A worker ant zombie (D:10)
  2 gnolls (D:9)
  An adder zombie (D:9)
  5 orcs
  A leopard gecko skeleton (D:8)
25 creatures vanquished.

Vanquished Creatures (others)
  3 plants (D:3)
3 creatures vanquished.

Grand Total: 281 creatures vanquished

Notes
Turn   | Place    | Note
-------+----------+-------------------------------------------
     0 | D:1      | wakim the Deep Elf Ice Elementalist began the quest for the
                  | Orb.
     0 | D:1      | Reached XP level 1. HP: 10/10 MP: 6/6
   185 | D:1      | Reached XP level 2. HP: 12/15 MP: 6/8
  1169 | D:2      | Reached skill level 5 in Ice Magic
  1289 | D:2      | Reached XP level 3. HP: 19/19 MP: 8/10
  1293 | D:2      | Learned a level 3 spell: Frozen Ramparts
  1297 | D:2      | Learned a level 3 spell: Ozocubu's Armour
  1757 | D:2      | Found a runed translucent door.
  1758 | D:2      | Noticed Crazy Yiuf
  2249 | D:3      | Reached XP level 4. HP: 18/24 MP: 2/11
  2390 | D:3      | Reached skill level 4 in Spellcasting
  2463 | D:3      | Noticed Terence
  2582 | D:3      | Killed Terence
  2651 | D:3      | Reached XP level 5. HP: 25/28 MP: 6/13
  2656 | D:3      | Reached skill level 1 in Fighting
  2782 | D:3      | Found a burning altar of Makhleb.
  2782 | D:3      | Noticed a blizzard demon
  2785 | D:3      | Noticed a ynoxinul
  2785 | D:3      | Noticed a neqoxec
  2909 | D:3      | Found a blossoming altar of Fedhas.
  2968 | D:3      | You fall into a shaft and drop 1 floor!
  2969 | D:4      | Noticed Blork the orc
  3329 | D:4      | Killed Blork the orc
  3330 | D:4      | Reached XP level 6. HP: 34/34 MP: 3/15
  3389 | D:4      | Noticed Ijyb
  3412 | D:4      | Killed Ijyb
  3509 | D:4      | Found a sparkling altar of Nemelex Xobeh.
  3662 | D:4      | Reached skill level 5 in Spellcasting
  4473 | D:5      | Entered Level 5 of the Dungeon
  4622 | D:5      | Reached XP level 7. HP: 23/40 MP: 9/17
  4910 | D:5      | Noticed Prince Ribbit
  4924 | D:5      | Killed Prince Ribbit
  4925 | D:5      | Reached skill level 5 in Dodging
  4981 | D:5      | Reached skill level 6 in Spellcasting
  5188 | D:5      | Found a stormy altar of Qazlal.
  5189 | D:5      | Found an opulent altar of Gozag.
  5192 | D:5      | Found a basalt altar of Yredelemnul.
  5273 | D:5      | Noticed Pikel
  5360 | D:5      | Killed Pikel
  5361 | D:5      | Reached XP level 8. HP: 36/46 MP: 18/20
  5402 | D:5      | Found Ludov's Mass Market.
  5638 | D:6      | Learned a level 4 spell: Hailstorm
  5721 | D:6      | Found an iron altar of Okawaru.
  5800 | D:6      | Found a staircase to the Ecumenical Temple.
  5816 | Temple   | Entered the Ecumenical Temple
  5884 | Temple   | Became a worshipper of Vehumet
  5939 | D:6      | Reached skill level 7 in Spellcasting
  6023 | D:6      | Found Zeyd's Weapon Boutique.
  6182 | D:6      | Found Zin's Purification Station.
  6274 | D:6      | Found a glowing silver altar of Zin.
  6522 | D:6      | Reached XP level 9. HP: 49/50 MP: 13/22
  6560 | D:6      | Learned a level 4 spell: Summon Ice Beast
  6595 | D:6      | You fall into a shaft and drop 1 floor!
  6679 | D:7      | Found a transporter.
  6684 | D:7      | Found a bloodstained altar of Trog.
  6686 | D:7      | Noticed a moth of wrath
  6693 | D:7      | Found a transporter.
  6695 | D:7      | Noticed SamuraiZach's ghost (novice TrBe)
  6707 | D:7      | Noticed Joseph
  6889 | D:7      | Reached skill level 1 in Summonings
  7112 | D:7      | Found Kitrydov's Assorted Antiques.
  7129 | D:7      | Found a glowing golden altar of the Shining One.
  7264 | D:8      | Reached skill level 8 in Spellcasting
  7305 | D:8      | Reached * piety under Vehumet
  7305 | D:8      | Offered knowledge of Foxfire by Vehumet.
  7392 | D:8      | Noticed Grum
  7453 | D:8      | Killed Grum
  8136 | D:8      | Found a staircase to the Lair.
  8320 | D:8      | Reached skill level 5 in Conjurations
  8569 | D:9      | Noticed Psyche
  8576 | D:9      | Killed Psyche
  8577 | D:9      | Reached skill level 9 in Spellcasting
  8894 | D:9      | Reached XP level 10. HP: 56/56 MP: 17/25
  9002 | D:9      | Found a staircase to the Orcish Mines.
  9044 | D:9      | Found a bloodstained altar of Trog.
  9090 | D:9      | Reached ** piety under Vehumet
  9095 | D:9      | Offered knowledge of Shock by Vehumet.
  9505 | D:9      | Reached skill level 10 in Ice Magic
  9791 | D:9      | You fall into a shaft and drop 1 floor!
  9791 | D:10     | Entered Level 10 of the Dungeon
  9862 | D:10     | Reached skill level 10 in Spellcasting
 10189 | D:9      | Offered knowledge of Ignite Poison by Vehumet.
 10704 | D:10     | Found a sacrificial altar of Ru.
 10734 | D:10     | Reached *** piety under Vehumet
 10851 | D:10     | Reached skill level 10 in Dodging
 11644 | D:11     | Offered knowledge of Mephitic Cloud by Vehumet.
 11947 | D:11     | Reached skill level 11 in Spellcasting
 11992 | D:11     | Found a portal to a secret trove of treasure.
 12135 | D:11     | Reached **** piety under Vehumet
 12600 | D:11     | Noticed a boulder beetle
 12618 | D:11     | Noticed a boulder beetle
 12637 | D:11     | Killed a boulder beetle
 12638 | D:11     | Reached XP level 11. HP: 60/60 MP: 7/28
 12888 | D:11     | Reached skill level 5 in Summonings
 13048 | D:11     | Annihilated by a boulder beetle

Illustrated notes

Levels and vault maps discovered:
D:1:      lightli_arrival_statue_moat, layout_basic
D:2:      layout_rooms, uniq_crazy_yiuf_cottage
D:3:      layout_rooms, lemuel_round_altar, serial_bayou_pond_b,
          makhleb_altar_promises_db, uniq_terence
D:4:      layout_loops_corners, lemuel_crystal_altar, minmay_goblin_outpost,
          uniq_ijyb, uniq_blork_the_orc
D:5:      layout_cave_pools, grunt_temple_overflow_open, minmay_strange_pillars,
          minmay_shop_mass, uniq_prince_ribbit1, uniq_pikel
D:6:      layout_basic, lemuel_doored_altar, zin_purify,
          minmay_temple_entry_tees, serial_shops, shop
D:7:      layout_rooms, kennysheep_mini_moat, serial_shops, shop,
          gammafunk_ghost_wrathful_warriors, uniq_joseph
D:8:      layout_basic, lair_entry_dummy, uniq_grum
D:9:      wad_guarded_room, layout_long_grid, david_orc_4, basic_altar,
          uniq_psyche
D:10:     layout_roguey, grunt_ministairs_1, ebering_dispersal_statue_hall,
          nrook_pool_corridor, nicolae_ru_path_of_blood
D:11:     layout_stronghold, nicolae_trove_entry_isolated, minivault_23
Temple:   eino_temple_lava

Skill      XL: |  1  2  3  4  5  6  7  8  9 10 11 |
---------------+----------------------------------+-----
Dodging        | 3 4 6 7 8 10 | 10.0
Ice Magic      | 5 6 8 9 10 | 10.6
Spellcasting   | 4 5 6 7 9 11 | 11.4
Fighting       | 1 2 3 |  3.6
Conjurations   | 2 3 5 |  5.7
Summonings     | 4 5 |  5.0
Stealth        | |  2.4

Action                   |  1- 3 |  4- 6 |  7- 9 | 10-12 || total
-------------------------+-------+-------+-------+-------++-------
Melee: Spear             |    38 |    38 |       |       ||    76
       Dagger            |       |       |    28 |     2 ||    30
       Short sword       |       |       |    55 |       ||    55
       Long sword        |       |       |    31 |    18 ||    49
       Staff             |       |       |       |    11 ||    11
 Cast: Freeze            |    41 |    40 |    43 |    13 ||   137
       Frozen Ramparts   |     2 |    22 |    40 |     8 ||    72
       Ozocubu's Armour  |     1 |    11 |    21 |     4 ||    37
       Hailstorm         |       |       |    34 |    72 ||   106
       Summon Ice Beast  |       |       |    15 |    26 ||    41
 Abil: Evoke Flight      |       |       |       |     1 ||     1
Evoke: Wand              |       |       |     4 |       ||     4
  Use: Scroll            |       |    12 |     2 |       ||    14
       Potion            |       |     2 |     1 |       ||     3
 Stab: Sleeping          |    12 |     6 |     1 |       ||    19
       Distracted        |     1 |       |       |     1 ||     2
Armor: Robe              |    12 |    17 |    46 |     8 ||    83
Dodge: Dodged            |    25 |    50 |   125 |    59 ||   259
Block: Other             |       |     5 |    41 |    20 ||    66
       Reflection        |       |       |     2 |     1 ||     3
       Rpst.: Long sword |       |       |    13 |     7 ||    20
